 Dungeon Crawl Stone Soup version 0.20.1-1-g8b1a95d (webtiles) character file.

538 Inchmeat the Digger (level 7, -1/50 HPs)
             Began as a Black Draconian Earth Elementalist on Dec 27, 2017.
             Killed themself with a bounced orb of electricity (7 damage)
             ... on level 4 of the Dungeon.
             The game lasted 00:12:27 (4684 turns).

Inchmeat the Digger (DrEE)                          Turns: 4684, Time: 00:12:28

Health: -1/50      AC:  7    Str: 10    XL:     7   Next: 5%
Magic:  2/10       EV: 12    Int: 18    God:
Gold:   220        SH:  0    Dex: 11    Spells: 4/10 levels left

rFire    . . .     SeeInvis .   b - +1 dagger (pain)
rCold    . . .     Gourm    .   (no shield)
rNeg     . . .     Faith    .   (armour unavailable)
rPois    .         Spirit   .   (helmet restricted)
rElec    +         Reflect  .   p - +0 cloak
rCorr    .         Harm     .   (no gloves)
MR       .....                  (no boots)
Stlth    ++........             o - amulet of magic regeneration
Regen    0.2/turn               (no ring)
MPRegen  0.2/turn               (no ring)

@: no status effects
A: breathe lightning, unfitting armour, electricity resistance, cold-blooded, AC
+6
a: Breathe Lightning


You were on level 4 of the Dungeon.
You were near starving.

You visited 1 branch of the dungeon, and saw 5 of its levels.

You collected 220 gold pieces.

Inventory:

Hand Weapons
 b - a +1 dagger of pain (weapon)
Missiles
 c - 34 stones (quivered)
Armour
 p - a +0 cloak (worn)
Jewellery
 j - a +2 ring of intelligence {unknown}
 o - an amulet of magic regeneration (around neck)
Scrolls
 i - 5 scrolls of identify {@r1}
 k - 2 scrolls of enchant weapon
 l - a scroll of recharging {unknown}
 s - a scroll of remove curse {@r2}
Potions
 e - a potion of heal wounds {unknown}
 f - 2 potions of agility
 n - 2 potions of ambrosia {unknown}
Books
 d - a book of Geomancy

   Spells                             Type                      Level
   a - Sandblast                      Earth                        1
   b - Passwall                       Transmutation/Earth          2
   c - Stone Arrow                    Conjuration/Earth            3
   d - Petrify                        Transmutation/Earth          4
   e - Lee's Rapid Deconstruction     Earth                        5
Comestibles
 a - 3 royal jellies
 h - 4 fruits
 m - 2 bread rations
 q - a meat ration


   Skills:
 - Level 1.7 Dodging
 - Level 1.7 Stealth
 - Level 2.0 Spellcasting
 - Level 1.0 Transmutations
 * Level 6.7 Earth Magic


You had 4 spell levels left.
You knew the following spells:

 Your Spells              Type           Power        Failure   Level  Hunger
a - Sandblast             Erth           ####..       1%          1    #......
b - Stone Arrow           Conj/Erth      ##....       14%         3    ###....
c - Passwall              Tmut/Erth      ###.......   5%          2    ###....


Dungeon Overview and Level Annotations

Branches:
Dungeon (5/15)
 Temple: D:4-7

Altars:
Elyvilon
Makhleb
Okawaru
Xom
Yredelemnul
The Shining One

Annotations:
D:4 pomescollege's ghost, amateur MfIE
D:5 slep's ghost, novice GrGl


Innate Abilities, Weirdness & Mutations

You can breathe wild blasts of lightning.
Your glossy black scales are hard. (AC +6)
You cannot fit into any form of body armour.
You are resistant to electric shocks. (rElec)
You are cold-blooded and may be slowed by cold attacks.


Message History

Pomescollege's ghost be severely damaged.
Pomescollege's ghost casts a spell at ye.
Tha puff o' frost misses ye.
Pomescollege's ghost casts a spell at ye.
Tha puff o' frost hits ye!
* * * LOW HITPOINT WARNIN'
* * * Castin': Stone Arrow Confirm wit' . or Enter, or press ? or * ta list all spells.
Ye dinnae haf enough magic ta cast tha spell.
Unknown command.
Pomescollege's ghost points at ye an' mumbles some strange words.
Tha puff o' frost hits ye!
* * * LOW HITPOINT WARNIN'
* * * Castin': Stone Arrow Confirm wit' . or Enter, or press ? or * ta list all spells.
Ye dinnae haf enough magic ta cast tha spell.
Unknown command.
Ye breatha a wild blast o' lightnin'!
Tha orb o' electricity 'splodes!
Tha orb o' electricity 'ngulfs ye!
Ye resist.
Ye die...

#..###.............#
......%....<..###.####
..)..................#
.#)###....>....##.##.#
#..##.........##.##.#
##.##.........##.##W#
.#.<)?.........##.##.#
.......#.#####.##.##.#
##....##.# #..@..W.#
#.##.##. ####.#### #.
#.##. #.# #. ... #.#
## #... ..# ##### ###


You could see pomescollege's ghost.

Vanquished Creatures
  A sky beast (D:3)
  An ogre (D:3)
  A big kobold (D:5)
  A hound (D:5)
  Natasha (twice) (D:2)
  Terence (D:2)
  2 worker ant zombies (D:5)
  4 adders
  3 gnolls (D:4)
  2 adder zombies (D:5)
  3 worms
  3 dart slugs (D:2)
  A leopard gecko (D:4)
  3 orcs
  11 bats
  2 giant cockroaches (D:2)
  9 goblins (D:1)
  4 hobgoblins
  2 jackals (D:2)
  3 frilled lizards
  8 kobolds
  2 leopard gecko skeletons
  17 rats
86 creatures vanquished.

Notes
Turn   | Place    | Note
-------+----------+-------------------------------------------
     0 | D:1      | Inchmeat the Draconian Earth Elementalist began the quest for the Orb.
     0 | D:1      | Reached XP level 1. HP: 14/14 MP: 3/3
   486 | D:1      | Reached XP level 2. HP: 20/20 MP: 3/5
   719 | D:1      | Reached skill level 4 in Earth Magic
  1142 | D:2      | Reached XP level 3. HP: 26/26 MP: 3/6
  1302 | D:2      | Found a basalt altar of Yredelemnul.
  1630 | D:2      | Noticed Natasha
  1636 | D:2      | Killed Natasha
  1636 | D:2      | Reached skill level 5 in Earth Magic
  1636 | D:2      | Reached XP level 4. HP: 25/33 MP: 2/7
  1661 | D:2      | Found a shimmering altar of Xom.
  1770 | D:2      | Noticed Natasha
  1778 | D:2      | Killed Natasha
  2449 | D:3      | Found a white marble altar of Elyvilon.
  2456 | D:3      | Reached XP level 5. HP: 38/38 MP: 6/8
  2459 | D:3      | Noticed Terence
  2542 | D:1      | Learned a level 3 spell: Stone Arrow
  2545 | D:1      | Learned a level 2 spell: Passwall
  2629 | D:2      | Killed Terence
  2629 | D:2      | Reached skill level 6 in Earth Magic
  2944 | D:3      | Found a glowing golden altar of the Shining One.
  3115 | D:3      | Found a faded altar of an unknown god.
  3460 | D:4      | Noticed a sky beast
  3472 | D:3      | Killed a sky beast
  3472 | D:3      | Reached XP level 6. HP: 39/45 MP: 5/9
  3504 | D:4      | Noticed pomescollege's ghost (amateur MfIE)
  3510 | D:4      | Reached skill level 7 in Earth Magic
  3618 | D:5      | Entered Level 5 of the Dungeon
  3811 | D:5      | Found a burning altar of Makhleb.
  3867 | D:5      | Reached skill level 8 in Earth Magic
  3867 | D:5      | Your scales start taking on a glossy black colour.
  3867 | D:5      | Reduced skill Earth Magic to level 6
  3867 | D:5      | Reached XP level 7. HP: 15/50 MP: 3/10
  3867 | D:5      | Gained mutation: You are resistant to electric shocks. (rElec) [Black Draconian growth]
  4132 | D:5      | Noticed slep's ghost (novice GrGl)
  4218 | D:5      | Found an iron altar of Okawaru.
  4684 | D:4      | Killed themself with a bounced orb of electricity

Skill      XL: |  1  2  3  4  5  6 |
---------------+-------------------+-----
Earth Magic    | 4 5 6 6 |  6.7
Dodging        | |  1.7
Stealth        | |  1.7
Spellcasting   | |  2.0
Transmutations | |  1.0

Action                   |  1- 3 |  4- 6 |  7- 9 || total
-------------------------+-------+-------+-------++-------
Melee: Unarmed           |    24 |    33 |       ||    57
       Tailslap          |     1 |     5 |     3 ||     9
       Dagger            |       |    28 |    37 ||    65
Throw: Throwing net      |       |     1 |       ||     1
 Cast: Sandblast         |    70 |    52 |       ||   122
       Stone Arrow       |       |    16 |     9 ||    25
 Abil: Breathe Lightning |       |       |     2 ||     2
  Use: Scroll            |     6 |     1 |       ||     7
       Potion            |       |     6 |       ||     6
 Stab: Held in net/web   |       |     1 |       ||     1
  Eat: Chunk             |     3 |     5 |     3 ||    11
       Bread ration      |       |     1 |       ||     1
Armor: Skin              |     7 |    51 |    12 ||    70
Dodge: Dodged            |    35 |    80 |    30 ||   145
